 Dungeon Crawl Stone Soup version 0.30-a0-341-g682706514a (webtiles) character file.

Game seed: 4156946746020473753

37 Shayle the Vexing (level 3, -7/32 HPs)
             Began as a Naga Hexslinger on Nov 1, 2022.
             Killed by divine providence
             ... invoked by an orc priest
              (14 damage)
             ... on level 2 of the Dungeon.
             The game lasted 00:04:23 (1429 turns).

Shayle the Vexing (Naga Hexslinger)                 Turns: 1429, Time: 00:04:24

Health: -7/32      AC:  2    Str: 12    XL:     3   Next: 41%
Magic:  4/4        EV: 10    Int: 15    God:
Gold:   55         SH:  0    Dex: 11    Spells: 0/4 levels left

rFire   . . .      SeeInvis +    a - +1 sling
rCold   . . .      Faith    .    (no shield)
rNeg    . . .      Spirit   .    c - +0 robe
rPois   +          Reflect  .    (no helmet)
rElec   .          Harm     .    (no cloak)
rCorr   .          Rampage  .    (no gloves)
Will    .....                    (no barding)
Stlth   ++........               (no amulet)
HPRegen 0.25/turn                (no ring)
MPRegen 0.09/turn                (no ring)

@: short of breath, very slow
A: AC +1, large, see invisible, deformed body, poison resistance, slowness 2,
spit poison 1, naga tail 1
a: Spit Poison


You were on level 2 of the Dungeon.
You visited 1 branch of the dungeon, and saw 2 of its levels.

You collected 55 gold pieces.

Inventory:

Hand Weapons
 a - a +1 sling (weapon)
Armour
 c - a +0 robe (worn)
Scrolls
 b - a scroll of poison


   Skills:
 + Level 1.7 Fighting
 + Level 2.2 Ranged Weapons
 + Level 2.0 Dodging
 + Level 2.1 Stealth
 + Level 1.0 Spellcasting
 + Level 3.0 Hexes


You couldn't memorise any spells.
You knew the following spells:

 Your Spells              Type           Power      Damage    Failure   Level
a - Slow                  Hex            36%        N/A       7%          1
b - Inner Flame           Hex/Fire       5%         N/A       36%         3

Your spell library contained the following spells:

 Spells                   Type           Power      Damage    Failure   Level
 Portal Projectile        Hex/Tloc       10%        N/A       36%         3
 Cause Fear               Hex            4%         N/A       56%         4


Dungeon Overview and Level Annotations

Branches:
Dungeon (2/15)

Altars:


Innate Abilities, Weirdness & Mutations

Your serpentine skin is tough. (AC +1)
You have supernaturally acute eyesight. (SInv)
Armour fits poorly on your strangely shaped body.
Your system is resistant to poisons. (rPois)
You cover ground very slowly.
You can spit poison.
You have a snake-like lower body.


Message History

The orc shouts!
The orc priest closely misses you.
You hear an angry hiss.
Fire: a) +1 sling
Press: ? - help, Q - select action, (/) - cycle Shift-Dir - straight line, f/p - orc priest
Aim: an orc priest, wielding a +0 flail and wearing a +0 scale mail (moderately wounded, poisoned, 58% to hit)
You shoot a sling bullet. The sling bullet hits the orc priest.
The orc priest is severely wounded.
The orc priest looks encouraged for a moment.
Fire: a) +1 sling
Press: ? - help, Q - select action, (/) - cycle Shift-Dir - straight line, f/p - orc priest
Aim: an orc priest, wielding a +0 flail and wearing a +0 scale mail (severely wounded, poisoned, 58% to hit)
You shoot a sling bullet.
The sling bullet hits the orc priest but does no damage.
The orc priest is severely wounded.
The orc misses you.
The orc priest hits you but does no damage.
Fire: a) +1 sling
Press: ? - help, Q - select action, (/) - cycle Shift-Dir - straight line, f/p - orc priest
Aim: an orc priest, wielding a +0 flail and wearing a +0 scale mail (severely wounded, poisoned, 58% to hit)
You shoot a sling bullet.
The sling bullet barely misses the orc priest.
You hear an angry hiss.
The orc closely misses you.
The orc priest calls down the wrath of Beogh upon you.
You barely resist.
A ball python comes into view.
The orc barely misses you.
The orc priest invokes the aid of Beogh against you.
Beogh smites you!
Fire: a) +1 sling
Press: ? - help, Q - select action, (/) - cycle Shift-Dir - straight line, f/p - orc priest
Aim: an orc priest, wielding a +0 flail and wearing a +0 scale mail (almost dead, poisoned, 58% to hit)
You shoot a sling bullet. The sling bullet hits the orc priest.
The orc priest is almost dead.
The orc hits you with a +0 flail!
* * * LOW HITPOINT WARNING * * *
The orc priest mumbles some strange prayers to Beogh against you.
Beogh smites you!
You die...

#.# ### #.# ..# #.#
######### #.# #.# #.......#
#.# #.. #.#####.# #.# ###
##.###.# #####
#......######...#
###.@.........#~##
.)#.######oo.>........≈≈####
o.o...o..S...........≈.≈≈...
.##.######...........≈.#≈#..
########)#≈≈~##≈≈#.
#.####.##≈#. #..##.≈## #.
##.##≈~####. #..≈~##.##.


You could see an orc priest (poisoned), an orc and a ball python.

Vanquished Creatures
  A dart slug (D:1)
  2 orcs (D:2)
  3 ball pythons (D:1)
  An endoplasm (D:1)
  2 goblins
  A hobgoblin (D:2)
  8 jackals (D:1)
  2 kobolds (D:1)
  A quokka (D:1)
  5 bats (D:1)
  2 frilled lizards (D:1)
28 creatures vanquished.

Notes
Turn   | Place    | Note
-------+----------+-------------------------------------------
     0 | D:1      | Shayle the Naga Hexslinger began the quest for the Orb.
     0 | D:1      | Reached XP level 1. HP: 18/18 MP: 2/2
   184 | D:1      | Reached skill level 1 in Stealth
   269 | D:1      | Reached XP level 2. HP: 25/25 MP: 3/3
   734 | D:1      | Reached XP level 3. HP: 31/31 MP: 4/4
  1215 | D:2      | Learned a level 3 spell: Inner Flame
  1429 | D:2      | Killed from afar by an orc priest

Illustrated notes

Levels and vault maps discovered:
D:1:      roderic_chinese_lattice_arrival, layout_basic
D:2:      layout_basic, serial_shops, shop, shop, nicolae_diamond_shop, shop,
          basic_ecumenical_altar, chequers_serial_rivers_small_b, st_stairs_9,
          uniq_terence

Skill      XL: |  1  2  3 |
---------------+----------+-----
Stealth        | 1 2 |  2.1
Ranged Weapons | 2 |  2.2
Dodging        | 2 |  2.0
Fighting       | |  1.7
Spellcasting   | |  1.0
Hexes          | |  3.0

Action                   || total
-------------------------++-------
 Fire: Sling             ||    92
 Cast: Slow              ||     1
 Abil: Spit Poison       ||    10
  Use: Potion            ||     3
       Scroll            ||     1
Armor: Robe              ||    19
Dodge: Dodged            ||    54

Table legend: (Time is in decaauts)
 A = Elapsed time spent in this place.
 B = Non-inter-level travel time spent in this place.
 C = Inter-level travel time spent in this place.
 D = Time resting spent in this place.
 E = Time spent auto-exploring this place.
 F = Levels seen in this place.
 G = Mean time per level.
                   A        B        C        D        E       F      G
               +--------+--------+--------+--------+--------+-----+--------+
         Total |   1889 |   1854 |     35 |    113 |   1500 |   2 |  944.5 |
       Dungeon |   1889 |   1854 |     35 |    113 |   1500 |   2 |  944.5 |
               +--------+--------+--------+--------+--------+-----+--------+

Top non-repeatable levels by time:
     D:1: 1497 daAuts
     D:2: 392 daAuts
